[Event "44th Chess Olympiad Women 2022"]
[Site "Chennai"]
[Date "2022.08.02"]
[Round "5.29"]
[White "Chong, Kai Ni Agnes"]
[Black "Bouah, Denise"]
[Result "0-1"]
[WhiteElo "1909"]
[BlackElo "1736"]
[Annotator "NA RC"]
[PlyCount "130"]
[EventDate "2022.??.??"]
[TimeControl "60"]

1. d4 Nf6 2. c4 g6 3. Nf3 Bg7 4. g3 d5 5. cxd5 Nxd5 6. Nc3 Nb6 7. e3 O-O 8. Bg2 Nc6 9. O-O Re8 10. Nh4 a5 11. f4 e6 12. Nf3 a4 13.
Ne4 f6 14. Nc5 e5 15. dxe5 fxe5 16. fxe5 Nxe5 17. Nxe5 Qxd1 18.
Rxd1 Bxe5 19. Nxb7 Ra7 20. Nc5 a3 21. Rb1 axb2 22. Bxb2 Rxa2 23. Bxe5 Rxe5 24. Nd3 Rxe3 25. Nf4 Rc2 26. Rb4 Bf5 27. Nd5 Nxd5 28.
Bxd5+ Kg7 29. g4 Be6 30. Bxe6 Rxe6 31. g5 Re7 32. h4 h6 33. Rg4 hxg5 34. Rxg5 Kh6 35. Rgd5 c5 36. Rf1 Ree2 37. Rf4 Rc1+ 38. Rf1 Rcc2 39. Rf4 Re1+ 40. Rf1 Rxf1+ 41. Kxf1 c4 42. Rc5 c3 43. Ke1 Rc1+ 44. Ke2 c2 45. Kd2 Rh1 46. Kxc2 Rxh4 47. Kd2 Re4 48. Rd5 g5 49. Rd8 Kh5 50. Rh8+ Kg4 51. Rg8 Kh4 52. Kd3 Re6 53. Rg7 g4 54. Rh7+ Kg3 55. Rg7 Kf3 56. Rf7+ Kg2 57. Rg7 g3 58. Rg8 Kf2 59. Rf8+ Kg1 60. Rg8 g2 61. Rg5 Kf2 62. Rf5+ Kg3 63. Rg5+ Kf3 64. Rg8 Rd6+ 65. Kc2 Rf6 0-1

[Event "44th Chess Olympiad Women 2022"]
[Site "Chennai"]
[Date "2022.08.02"]
[Round "5.30"]
[White "Avila Fraire, Ameyalli"]
[Black "Tiba, Mahdi Attiyah"]
[Result "1/2-1/2"]
[WhiteElo "1907"]
[BlackElo "1759"]
[Annotator "NA RC"]
[PlyCount "97"]
[EventDate "2022.??.??"]
[TimeControl "60"]

1. e4 d5 2. exd5 Qxd5 3. Nc3 Qa5 4. d4 c6 5. a3 Nf6 6. Bd3 Bg4 7. Nge2 e6 8. f3 Bh5 9. O-O Bg6 10. Rb1 Nbd7 11. b4 Qc7 12. Bf4 Bd6 13.
Bxd6 Qxd6 14. Ne4 Qc7 15. Re1 O-O 16. Qd2 Rad8 17. Nf4 e5 18.
Nxf6+ gxf6 19. Nxg6 hxg6 20. Qh6 f5 21. f4 e4 22. Re3 Qd6 23.
c3 Qf6 24. Bc4 b5 25. Bb3 Nb6 26. Rg3 Nd5 27. Bxd5 cxd5 28. Ra1 Rc8 29. Rh3 Qg7 30. Qxg7+ Kxg7 31. a4 a6 32. Kf2 Rc6 33. Ke2 Re8 34. axb5 axb5 35. Ra5 Rb6 36. Ra7 Rd8 37. Kd2 Rbb8 38. Kc2 Ra8 39. Rxa8 Rxa8 40. Kb2 Re8 41. Kc2 e3 42. Kd1 e2+ 43. Ke1 Re4 44. Rf3 Kf6 45. Rf2 Re3 46. Rf3 Re4 47. Rf2 Re3 48. Rf3 Re4 49. Rf2 1/2-1/2

[Event "44th Chess Olympiad Women 2022"]
[Site "Chennai"]
[Date "2022.08.02"]
[Round "5.30"]
[White "Sara Masood Abdullah"]
[Black "Guillen Cristobal, Sandra N"]
[Result "0-1"]
[WhiteElo "1677"]
[BlackElo "1962"]
[Annotator "NA RC"]
[PlyCount "80"]
[EventDate "2022.??.??"]
[TimeControl "60"]

1. e4 c5 2. Nf3 Nc6 3. d4 cxd4 4. Nxd4 g6 5. c4 Bg7 6. Be3 Nf6 7. Nc3 d6 8. Be2 Bd7 9. O-O O-O 10. h3 Nxd4 11. Bxd4 Bc6 12. Bf3 a5 13. Nd5 Bxd5 14. cxd5 a4 15. Rc1 Nd7 16. Be2 Qa5 17. Bxg7 Kxg7 18. Qd4+ Kg8 19. Rc3 Rfc8 20. Rfc1 Rxc3 21. Rxc3 Nc5 22. h4 b5 23. h5 b4 24. Rh3 b3 25. hxg6 fxg6 26. axb3 Qe1+ 27. Bf1 axb3 28. Re3 Qb1 29. e5 Ra1 30. Qc4 Qxb2 31. exd6 exd6 32. Qf4 Ra8 33. Re2 Qc3 34. Re7 Rf8 35. Qh6 Qh8 36. Bb5 b2 37. Re1 Qd4 38. Qe3 Qxe3 39. fxe3 Rb8 40. Rb1 Rxb5 0-1

[Event "44th Chess Olympiad Women 2022"]
[Site "Chennai"]
[Date "2022.08.02"]
[Round "5.32"]
[White "Toro Pradenas, Maria Jose"]
[Black "Mbatha, Constance"]
[Result "1-0"]
[WhiteElo "1945"]
[BlackElo "1614"]
[Annotator "NA RC"]
[PlyCount "127"]
[EventDate "2022.??.??"]
[TimeControl "60"]

1. e4 e5 2. Nf3 Nc6 3. Bb5 Nf6 4. O-O Be7 5. Re1 d6 6. c3 Bd7 7. d4 exd4 8. cxd4 a6 9. Bd3 O-O 10. Nc3 Bg4 11. Be3 Re8 12. h3 Bh5 13.
d5 Ne5 14. Be2 Qc8 15. Nd4 Bxe2 16. Qxe2 Bf8 17. Rac1 Ng6 18. f3 h6 19. Na4 Qd7 20. Qc2 Rac8 21. Qb3 Rb8 22. Rc2 c5 23. dxc6 bxc6 24. Nb6 Rxb6 25. Qxb6 c5 26. Nb3 Re6 27. Qa5 Ne5 28. Rd1 Qc8 29. Bf4 Nc6 30. Qc3 Qa8 31. Rcd2 Ne8 32. Na5 Nd4 33. Be3 Nb5 34. Qb3 Rg6 35. a4 Nbc7 36. Bf2 Ne6 37. Be3 Qd8 38. Nc4 Ng5 39. Bxg5 Qxg5 40. Qe3 Qh4 41. Kf1 Re6 42. Qf2 Qf6 43. Nb6 Qe7 44. Qe2 Qb7 45. Nd5 Kh8 46. Re1 Qc6 47. Qc4 Qb7 48. b4 cxb4 49. Qxb4 Qc6 50. Rd3 Rg6 51. Rc3 Qd7 52. Qc4 Kh7 53. Qxa6 Nf6 54. Nxf6+ gxf6 55. Rc8 Bg7 56. Qc6 Qa7 57. Qe8 Rg5 58. f4 Rc5 59. Qg8+ Kg6 60. f5+ Kg5 61. Qxg7+ Kf4 62. Qg4+ Ke5 63. Qg3+ Kd4 64. Qxd6+ 1-0

[Event "44th Chess Olympiad Women 2022"]
[Site "Chennai"]
[Date "2022.08.02"]
[Round "5.33"]
[White "Otazo Sanchez, Annyd Gabriela"]
[Black "Banda Natalie Katlo"]
[Result "1/2-1/2"]
[WhiteElo "1932"]
[BlackElo "1688"]
[Annotator "NA RC"]
[PlyCount "156"]
[EventDate "2022.??.??"]
[TimeControl "60"]

1. e4 c6 2. d4 d5 3. exd5 cxd5 4. Bd3 Nf6 5. Bf4 Bg4 6. Nf3 Bxf3 7. Qxf3 Qb6 8. Nc3 Nc6 9. O-O Nxd4 10. Qe3 Nc6 11. Qxb6 axb6 12. Nb5 Kd7 13. Be3 Nb4 14. Be2 Nxc2 15. Rac1 Nxe3 16. Rc7+ Kd8 17. fxe3 Rxa2 18. Rxb7 Rxb2 19. Rc1 Ne8 20. Bg4 e6 21. Bxe6 fxe6 22. Nd4 Bc5 23. Nxe6+ Kc8 24. Nxc5 Rb5 25. Ra1 Rxc5 26. Rxb6 Nc7 27. Rf1 Rb5 28. Rxb5 Nxb5 29. Rf7 Rg8 30. Kf2 Nd6 31. Ra7 Rf8+ 32. Ke2 Rf7 33. Ra5 Ne4 34. Kd3 Rd7 35. Kd4 Nf6 36. h3 Kb7 37. g4 h6 38.
Ra3 Re7 39. Rb3+ Kc6 40. Rb8 Re4+ 41. Kd3 Nxg4 42. hxg4 Rxg4 43. Ke2 h5 44. Kf3 g6 45. Rf8 Kd6 46. Rh8 Ke5 47. Re8+ Kf6 48. Rf8+ Ke7 49. Rg8 Kd7 50. Rg7+ Kc6 51. Rg8 Kc5 52. Rc8+ Kb5 53. Rc7 g5 54. Rh7 Rh4 55. Kg3 Kc4 56. Rd7 Re4 57. Kf2 h4 58. Rc7+ Kd3 59. Ra7 g4 60. Ra3+ Kc4 61. Ra4+ Kb5 62. Ra8 g3+ 63. Kf3 Kc4 64. Rd8 Re7 65. Rh8 Rf7+ 66. Kg2 Rf2+ 67. Kg1 Rh2 68. Rh5 d4 69. exd4 Kxd4 70. Rh8 Ke4 71. Rf8 h3 72. Rg8 Rg2+ 73. Kh1 Kf3 74. Rf8+ Ke2 75. Re8+ Kd3 76. Rd8+ Ke4 77. Rd4+ Ke5 78. Rd5+ Kxd5 1/2-1/2

[Event "44th Chess Olympiad Women 2022"]
[Site "Chennai"]
[Date "2022.08.02"]
[Round "5.34"]
[White "Chaves, Jussara"]
[Black "Juarez Garcia, Daniela"]
[Result "1/2-1/2"]
[WhiteElo "1933"]
[BlackElo "1725"]
[Annotator "NA RC"]
[PlyCount "73"]
[EventDate "2022.??.??"]
[TimeControl "60"]

1. b3 d5 2. Bb2 Nf6 3. f4 g6 4. Nf3 Bg7 5. e3 c5 6. Be2 Nc6 7. Ne5 O-O 8. Nxc6 bxc6 9. O-O Nd7 10. Qc1 e5 11. Nc3 Qe7 12. Na4 d4 13.
exd4 cxd4 14. Ba3 c5 15. Bb5 exf4 16. Bxd7 Qxd7 17. Nxc5 Qc6 18. Nd3 Bb7 19. Rf2 Rfc8 20. Nc5 g5 21. d3 Re8 22. Ne4 h6 23. Nd6 Re5 24. Qd1 Rd8 25. Nc4 Re3 26. Na5 Qb5 27. Nxb7 Qxb7 28. Bc5 Rde8 29. Qd2 f3 30. gxf3 Rxf3 31. Rxf3 Qxf3 32. Rf1 Qg4+ 33. Qg2 Qd7 34. Qf2 Qg4+ 35. Qg2 Qd7 36. Qf2 Qg4+ 37. Qg2 1/2-1/2

[Event "44th Chess Olympiad Women 2022"]
[Site "Chennai"]
[Date "2022.08.02"]
[Round "5.34"]
[White "Natareno, Elvia"]
[Black "Silva, Mariana Sofia T."]
[Result "0-1"]
[WhiteElo "1581"]
[BlackElo "1912"]
[Annotator "NA RC"]
[PlyCount "116"]
[EventDate "2022.??.??"]
[TimeControl "60"]

1. Nf3 d5 2. g3 c5 3. Bg2 Nc6 4. b3 e5 5. d3 Be7 6. Bb2 f6 7. O-O Be6 8.
Nbd2 Qd7 9. c4 d4 10. Ne4 Nh6 11. Ba3 b6 12. Ne1 Rc8 13. Nc2 a5 14. Bc1 Nf7 15. f4 O-O 16. a3 Nd6 17. Bd2 Nf5 18. Rb1 exf4 19. Bxf4 Ne5 20. Qd2 Ng6 21. Rb2 Nxf4 22. Qxf4 Bd8 23. b4 Bc7 24. Qf2 Ne3 25.
Rfb1 Nxg2 26. Qxg2 Bh3 27. Qf3 Bg4 28. Qg2 f5 29. Ng5 h6 30.
Nf3 f4 31. bxc5 fxg3 32. hxg3 Bh3 33. c6 Qg4 34. Ne5 Bxe5 35.
Qd5+ Qe6 36. Rxb6 Bxg3 37. Qxe6+ Bxe6 38. Kg2 Bc7 39. R6b5 Rf4 40. Ne1 Rg4+ 41. Kf2 Bg3+ 42. Kf1 Bxe1 43. Kxe1 Rg1+ 44. Kd2 Rxb1 45. Rxb1 Rxc6 46. Rb5 a4 47. Ra5 g5 48. e3 dxe3+ 49. Kxe3 Bd7 50. Ke4 Kf7 51. c5 Rf6 52. Ra7 Ke7 53. d4 g4 54. d5 Kd8 55. Ke5 Rg6 56. d6 g3 57. Ra8+ Bc8 58. c6 g2 0-1

[Event "44th Chess Olympiad Women 2022"]
[Site "Chennai"]
[Date "2022.08.02"]
[Round "5.35"]
[White "Johannsdottir, Johanna Bjorg"]
[Black "Chong, Kimberly"]
[Result "0-1"]
[WhiteElo "1976"]
[BlackElo "1741"]
[Annotator "NA RC"]
[PlyCount "76"]
[EventDate "2022.??.??"]
[TimeControl "60"]

1. e4 d5 2. exd5 Nf6 3. Nf3 Nxd5 4. d4 g6 5. c4 Nb6 6. Nc3 Bg7 7. c5 Nd5 8. Bc4 e6 9. O-O O-O 10. Qb3 c6 11. Ne4 b6 12. Re1 bxc5 13.
dxc5 Nd7 14. Bg5 Qa5 15. Bd2 Qc7 16. Qc2 Rb8 17. Bb3 a5 18.
Rab1 Nb4 19. Bxb4 Rxb4 20. a3 Rb8 21. Ba4 Ba6 22. b4 axb4 23.
axb4 Bb5 24. Bb3 Qf4 25. Nd6 Qxb4 26. Ne4 Qa5 27. Nfg5 Ne5 28. Rbd1 Bd3 29. Qa2 Qxa2 30. Bxa2 Bc2 31. Rd6 h6 32. f4 Nd3 33. Re2 Rb2 34. Nxe6 Rxa2 35. Rxd3 Ra1+ 36. Kf2 Bxd3 37. Nxf8 Bxe2 38. Kxe2 Kxf8 0-1

[Event "44th Chess Olympiad Women 2022"]
[Site "Chennai"]
[Date "2022.08.02"]
[Round "5.35"]
[White "Ray, Hiya"]
[Black "Thorsteinsdottir, Hallgerdur"]
[Result "0-1"]
[WhiteElo "1586"]
[BlackElo "1934"]
[Annotator "NA RC"]
[PlyCount "106"]
[EventDate "2022.??.??"]
[TimeControl "60"]

1. e4 d5 2. exd5 Qxd5 3. Nc3 Qd8 4. Nf3 Bg4 5. Bc4 e6 6. O-O Nf6 7. Be2 Nbd7 8. d4 c6 9. Bf4 Be7 10. Nd2 Bxe2 11. Qxe2 O-O 12. Nce4 Qb6 13. Nb3 a5 14. a4 Nxe4 15. Qxe4 Nf6 16. Qe2 Rfd8 17. Rfd1 Rd5 18. Be5 Rad8 19. Nd2 R5d7 20. Nc4 Qa6 21. b3 Nd5 22. Rd3 Bf6 23. Rg3 Bxe5 24. Qxe5 g6 25. Nd2 c5 26. c4 f6 27. Qe2 Nf4 28. Qe1 cxd4 29. Rf3 e5 30. Ne4 Qc6 31. g3 Nh5 32. g4 Nf4 33.
g5 fxg5 34. Nxg5 h6 35. Ne4 d3 36. Nd2 Qf6 37. Kh1 Kh7 38.
Rd1 Rd4 39. Re3 Ne2 40. Nf3 Re4 41. Qd2 Rf4 42. Rxd3 Rxd3 43. Qxd3 Rxf3 44. Qxe2 Rxf2 45. Qd3 e4 46. Qd7+ Qf7 47. Qh3 Rf5 48. Re1 Rf3 49. Qg2 b6 50. Qe2 Qf4 51. Rd1 Rf2 52. Rd7+ Kg8 53. Rd8+ Kf7 0-1

[Event "44th Chess Olympiad Women 2022"]
[Site "Chennai"]
[Date "2022.08.02"]
[Round "5.41"]
[White "Mongeli, Sasha"]
[Black "Enomah Emmanuella Trust"]
[Result "1-0"]
[WhiteElo "1672"]
[BlackElo "1901"]
[Annotator "RC"]
[PlyCount "239"]
[EventDate "2022.??.??"]
[TimeControl "60"]

1. Nf3 Nf6 2. c4 g6 3. b3 Bg7 4. Bb2 d6 5. g3 e5 6. d3 Nbd7 7. Bg2 O-O 8. O-O a5 9. a3 h6 10. Nc3 Nc5 11. b4 Ne6 12. Nd5 c6 13.
Nxf6+ Bxf6 14. Qd2 Bg7 15. Bc3 Nd4 16. Qb2 Nxf3+ 17. Bxf3 Bh3 18. Bg2 Bxg2 19. Kxg2 axb4 20. axb4 Qd7 21. Ra5 b6 22. Ra2 Qb7 23. Rfa1 f6 24. f3 d5 25. cxd5 cxd5 26. b5 Rxa2 27. Rxa2 Ra8 28. Qa1 Rxa2 29. Qxa2 Kh7 30. Qa6 Qc7 31. Bb4 h5 32. Qa8 d4 33. Qc6 Qa7 34. Bd6 Qa2 35. Kf2 Qa1 36. f4 Qa5 37. fxe5 fxe5 38. Bc7 Qd2 39. Bxb6 Qe3+ 40. Kf1 Bh6 41. Ba5 h4 42. Qb7+ Bg7 43.
Qe4 Qc1+ 44. Be1 hxg3 45. hxg3 Qc5 46. Qc6 Bf8 47. Qb7+ Qe7 48. Qh1+ Kg7 49. b6 Qf6+ 50. Bf2 Qxb6 51. Qd5 Qd6 52. Qb7+ Be7 53. Kg2 Kf7 54. Be1 Ke6 55. Qc8+ Kf7 56. Qa8 Bd8 57. Bd2 Be7 58. Qb7 Kf6 59. Qa8 Kf7 60. Qa2+ Kg7 61. Qc4 Qd7 62. Qc1 Qd5+ 63. Kh2 e4 64. Qf1 e3 65. Be1 Qa2 66. Qf3 Qa1 67. Qe4 Bf6 68.
Bb4 Qa7 69. Bd6 Qa2 70. Qb7+ Qf7 71. Qe4 Kh7 72. Qf3 Qe6 73. Qb7+ Kh6 74. Bf8+ Kg5 75. Qh7 Qd5 76. Qh4+ Kf5 77. Qf4+ Ke6 78. Qg4+ Kf7 79. Bb4 Qb5 80. Bd6 Qc6 81. Bf4 Qb5 82. Bd6 Qc6 83. Bf4 Be7 84. Be5 Bc5 85. Bxd4 Bxd4 86. Qxd4 Qe8 87. Kg2 Qa8+ 88. Qe4 Qa7 89. Kf3 g5 90. Qf5+ Ke8 91. Qxg5 Qf7+ 92. Qf4 Qh5+ 93. Kxe3 Qc5+ 94. Kf3 Qc2 95. Qe4+ Kf8 96. Qf4+ Kg7 97. Qe5+ Kg6 98. Qe6+ Kg7 99. Qe7+ Kg6 100. Qe4+ Kg7 101. d4 Qc1 102. Qg4+ Kh7 103. Qd7+ Kh8 104. Qe8+ Kh7 105. Qf7+ Kh8 106.
Qf6+ Kh7 107. Qh4+ Kg6 108. Qe4+ Kg7 109. Qe5+ Kg6 110. Qe6+ Kg7 111. Qe3 Qc6+ 112. Kg4 Qd7+ 113. Kh4 Kh8 114.
Qe5+ Kg8 115. d5 Qh7+ 116. Kg4 Qc2 117. Qe6+ Kh8 118. Qe8+ Kg7 119. Qe7+ Kh8 120. Qf8+ 1-0

[Event "44th Chess Olympiad Women 2022"]
[Site "Chennai"]
[Date "2022.08.02"]
[Round "5.42"]
[White "Caxita, Esperanca"]
[Black "Lohani, Sujana"]
[Result "1-0"]
[WhiteElo "1955"]
[BlackElo "1697"]
[Annotator "NA RC"]
[PlyCount "119"]
[EventDate "2022.??.??"]
[TimeControl "60"]

1. e4 g6 2. d4 Bg7 3. c3 d6 4. Nf3 Nf6 5. Nbd2 O-O 6. Be2 c5 7. O-O cxd4 8.
cxd4 Nc6 9. b3 e5 10. d5 Ne7 11. Ba3 a6 12. Rc1 h6 13. Qc2 Ne8 14. Ne1 f5 15. f3 f4 16. Nd3 g5 17. Nf2 Rf6 18. Qc3 h5 19. Nc4 b5 20.
Na5 Rg6 21. h3 Bf8 22. Bb4 Bd7 23. Qd2 Qb6 24. Kh2 Nf6 25. Qd1 g4 26. fxg4 hxg4 27. Bxg4 Bxg4 28. hxg4 Rh6+ 29. Nh3 Nxe4 30. Nc6 Nf2 31. Qf3 Nxh3 32. gxh3 Ng6 33. Be1 Re8 34. Qe4 Qe3 35. Qxe3 fxe3 36. Bg3 Rh7 37. Rce1 Bh6 38. Rf6 Nf4 39. Rxd6 Bf8 40. Bxf4 Bxd6 41. Bxe3 e4+ 42. Kg2 Rf8 43. Nd4 Rc7 44. Re2 Rc3 45. Nf5 Rd8 46. Bd4 Rd3 47. Rxe4 Rd2+ 48. Kf3 Bf8 49. Re6 Rxd5 50. Ke4 Rd7 51. Rxa6 Rg2 52. a4 bxa4 53. bxa4 Rh7 54. Kf3 Rh2 55. h4 R7xh4 56. Nxh4 Rxh4 57. a5 Rh3+ 58. Ke4 Ra3 59. Ra8 Kf7 60. Rxf8+ 1-0

[Event "44th Chess Olympiad Women 2022"]
[Site "Chennai"]
[Date "2022.08.02"]
[Round "5.43"]
[White "Gjergji, Rozana"]
[Black "De la Riva Real, Jana"]
[Result "1-0"]
[WhiteElo "1920"]
[BlackElo "1167"]
[Annotator "NA RC"]
[PlyCount "85"]
[EventDate "2022.??.??"]
[TimeControl "60"]

1. e4 e6 2. d4 d5 3. e5 c5 4. c3 Nc6 5. Nf3 Qb6 6. Be2 Nge7 7. Na3 Nf5 8.
Nc2 Be7 9. O-O O-O 10. Rb1 Bd7 11. Ne3 Nxe3 12. fxe3 cxd4 13. exd4 f6 14. exf6 Bxf6 15. Kh1 Rae8 16. Bf4 Ne7 17. Bd3 Bb5 18. Bxb5 Qxb5 19. Re1 Ng6 20. Bg3 Qd7 21. Qd3 Re7 22. Re2 Rfe8 23. Rbe1 a6 24. h4 Nh8 25. Bh2 Nf7 26. g4 g6 27. g5 Bh8 28. Bf4 Nd6 29. Nh2 Ne4 30.
Ng4 Bg7 31. Rh2 Rf7 32. Be5 Qe7 33. Bf6 Nxf6 34. gxf6 Rxf6 35. Nxf6+ Bxf6 36. Qh3 Qg7 37. Rxe6 Rxe6 38. Qxe6+ Qf7 39. Qg4 Qe7 40. Re2 Qf7 41. h5 g5 42. h6 b5 43. Qc8+ 1-0

[Event "44th Chess Olympiad Women 2022"]
[Site "Chennai"]
[Date "2022.08.02"]
[Round "5.43"]
[White "Henderson de La Fuente, Andrea"]
[Black "Shabanaj, Eglantina"]
[Result "1-0"]
[WhiteElo "1962"]
[BlackElo "1940"]
[Annotator "NA RC"]
[PlyCount "79"]
[EventDate "2022.??.??"]
[TimeControl "60"]

1. e4 e6 2. d3 c5 3. g3 Nc6 4. Bg2 g6 5. Be3 Bg7 6. Nc3 d6 7. Qd2 Nge7 8.
Nge2 Nd4 9. Nc1 Rb8 10. Nd1 b5 11. c3 Ndc6 12. Bh6 O-O 13.
h4 f6 14. Bxg7 Kxg7 15. h5 g5 16. h6+ Kh8 17. f4 Rg8 18.
Ne3 d5 19. Ng4 Ng6 20. e5 fxe5 21. fxg5 Nce7 22. Qf2 Nf5 23. Nf6 Rf8 24. g4 Nd6 25. Qxc5 Nf7 26. Ne2 Nxg5 27. Nh5 Nh4 28. Rxh4 Nf3+ 29. Bxf3 Qxh4+ 30. Neg3 Rxf3 31. Qc7 Qg5 32. Qxb8 Qe3+ 33. Ne2 Rf8 34. Qd6 Kg8 35. Qc7 Qxh6 36. Qxe5 Bd7 37. Nef4 Rf7 38. g5 Qf8 39. Nf6+ Rxf6 40. gxf6 1-0

[Event "44th Chess Olympiad Women 2022"]
[Site "Chennai"]
[Date "2022.08.02"]
[Round "5.45"]
[White "Kaslan, Catherine"]
[Black "Cooke, Suzie G."]
[Result "1-0"]
[WhiteElo "1872"]
[BlackElo "1936"]
[Annotator "NA RC"]
[PlyCount "83"]
[EventDate "2022.??.??"]
[TimeControl "60"]

1. e4 e6 2. d4 d5 3. Nd2 Nf6 4. e5 Nfd7 5. Bd3 c5 6. c3 Nc6 7. Ne2 cxd4 8. cxd4 f6 9. exf6 Nxf6 10. Nf3 Bd6 11. O-O Qc7 12. a3 O-O 13. Re1 e5 14. dxe5 Nxe5 15. Ned4 Nxd3 16. Qxd3 Qf7 17. Bg5 Ne4 18. Bh4 Bf5 19. Nxf5 Qxf5 20. Rad1 Bc7 21. Qxd5+ Qxd5 22. Rxd5 Nf6 23. Bxf6 Rxf6 24. Rd7 Rc6 25. g3 Bb6 26. Ree7 Rc2 27. Rxg7+ Kh8 28. Rxh7+ Kg8 29. Rdg7+ Kf8 30. Rf7+ Kg8 31.
Ng5 Re8 32. Rhg7+ Kh8 33. Rg6 Rc7 34. Rxc7 Bxc7 35. Re6 Rc8 36. Nf7+ Kg7 37. Nd6 Bxd6 38. Rxd6 Rc7 39. h4 b5 40. b4 a5 41. bxa5 Ra7 42. a6 1-0

[Event "44th Chess Olympiad Women 2022"]
[Site "Chennai"]
[Date "2022.08.02"]
[Round "5.47"]
[White "Zhang, Jasmine Haomo"]
[Black "Farrugia, Jamie"]
[Result "1-0"]
[WhiteElo "1972"]
[BlackElo "1547"]
[Annotator "NA RC"]
[PlyCount "105"]
[EventDate "2022.??.??"]
[TimeControl "60"]

1. d4 d5 2. Bf4 Nf6 3. e3 c5 4. Nf3 Nc6 5. Nbd2 cxd4 6.
exd4 Bg4 7. c3 e6 8. Qb3 Qc8 9. Bd3 Be7 10. O-O O-O 11. Ne5 Bh5 12. Qc2 Bd6 13. h3 Qc7 14. g4 Bg6 15. Nxg6 fxg6 16. Bxd6 Qxd6 17. Rae1 Qf4 18. Re3 Rac8 19. Qd1 e5 20. dxe5 Nxe5 21. Qe2 Rce8 22. Re1 Nexg4 23. hxg4 Nxg4 24. Nf1 Nxe3 25. Nxe3 Qg5+ 26. Kf1 Qh4 27. Qd2 Qh1+ 28. Ke2 Qf3+ 29. Kf1 h5 30. Bxg6 Re5 31. Bc2 h4 32. Bd1 Qg3 33. Ng4 Ref5 34. Qe3 Qd6 35. Qe6+ Qxe6 36. Rxe6 h3 37. Re3 h2 38. Rh3 g6 39. Nh6+ Kg7 40. Nxf5+ Rxf5 41. Rxh2 b6 42. Bc2 Rf6 43. Rg2 Kh6 44. Rxg6+ Rxg6 45. Bxg6 Kxg6 46. Ke2 Kf5 47. Ke3 Ke5 48. Kd3 b5 49. b3 a5 50. a3 Kd6 51. Kd4 Kc6 52. f4 Kd6 53.
f5 1-0

[Event "44th Chess Olympiad Women 2022"]
[Site "Chennai"]
[Date "2022.08.02"]
[Round "5.51"]
[White "Zairbek kyzy, Begimai"]
[Black "Nihaya, Ahmed"]
[Result "1-0"]
[WhiteElo "1949"]
[BlackElo "1233"]
[Annotator "NA RC"]
[PlyCount "93"]
[EventDate "2022.??.??"]
[TimeControl "60"]

1. e4 e5 2. Nf3 Nc6 3. Bc4 Nf6 4. Ng5 d5 5. exd5 Na5 6.
Bb5+ c6 7. dxc6 bxc6 8. Bd3 h6 9. Ne4 Nxe4 10. Bxe4 Bb7 11.
d3 Qb6 12. O-O Bd6 13. Qg4 g6 14. Nc3 Be7 15. Na4 Qd4 16. c4 c5 17. Be3 Qd7 18. Qxd7+ Kxd7 19. Bxb7 Nxb7 20. f4 f5 21. fxe5 Ke6 22. Rfe1 h5 23. b4 Rac8 24. Rac1 g5 25. bxc5 Nxc5 26. Nxc5+ Bxc5 27. d4 Bb4 28. d5+ Kd7 29. Red1 f4 30. Bd4 Bc5 31. Kf1 Rhe8 32. e6+ Kd6 33. Ke2 Bxd4 34. Rxd4 Rc5 35. Kd3 Ra5 36. a4 Rc8 37. h4 g4 38. Rxf4 Rxd5+ 39. Rd4 Rxd4+ 40. Kxd4 Kxe6 41. Re1+ Kf5 42. g3 Rd8+ 43. Kc3 a5 44. c5 Rd5 45. Kc4 Rd2 46. Re3 Rc2+ 47. Kb5 1-0

[Event "44th Chess Olympiad Women 2022"]
[Site "Chennai"]
[Date "2022.08.03"]
[Round "6.1"]
[White "Batsiashvili, Nino"]
[Black "Harika, Dronavalli"]
[Result "1/2-1/2"]
[WhiteElo "2466"]
[BlackElo "2517"]
[Annotator "TA"]
[PlyCount "65"]
[EventDate "2022.??.??"]
[TimeControl "60"]

1. d4 d5 2. c4 e6 3. Nc3 Nf6 4. cxd5 exd5 5. Bg5 Be7 6. Qc2 O-O 7. e3 h6 8. Bh4 c6 9. Bd3 Re8 10. Nge2 Nbd7 11. f3 b5 $1 {[%emt 0:01:09] now scores much
better than the old 11...c5. D36: Queen's Gambit Declined: Exchange Variation:
Main line (5 Bg5 c6 6 Qc2).} (11... Bd6 $5 ) 12. O-O Bb7 13. Bf2 a6 14. Rad1
{[%emt 0:04:42] [#]} Rc8 $146 ({Predecessor:} 14... c5 15. Qd2
c4 16. Bb1 b4 17. Na4 Bc6 18. b3 Bxa4 19. bxa4 Qa5 20. e4 dxe4 21. fxe4 Qxa4 {
1-0 (35) Dylag,E (2144)-Krainski,A (2066) Suwalki 2021}) 15. Ng3 (15. e4 $5 ) 15... c5 16. Qd2 (16. dxc5 $11 Bxc5 17. e4) 16... Bf8 ({Better is} 16...
c4 $15 17. Bc2 (17. Bf5 b4 $17) 17... b4) 17. dxc5 $11 {[%emt 0:09:51] The
position is equal.} Bxc5 18. Bf5 Qb6 19. e4 Rcd8 20.
exd5 Nxd5 {[%emt 0:25:03][%cal Yd5e3] [#] Hoping for ...Ne3!}
21. Nxd5 Bxd5 22. b4 ({
Don't go for} 22. Qxd5 $2 Bxf2+ 23. Rxf2 Nc5 $19) 22... Bxf2+ 23. Qxf2 Bc6 24. Bxd7 (24.
Bc2 {keeps more tension.} g6 25. Rd6 Qxf2+ 26. Kxf2 Ne5 27. Rfd1) 24... Qxf2+ 25. Rxf2 {[%emt 0:00:14] [#] aiming for Rfd2.} Rxd7 26. Rxd7 Bxd7 {[%emt 0:00:04] Endgame KRB-KRN} 27. Ne4 Be6 28. Rd2 Ra8 29. Nc5 a5 30. Nxe6 fxe6 31. bxa5 Rxa5 32. Kf2 Ra3 33. Rb2 {[%emt 0:00:16] An interesting
draw. Weighted Error Value: White=0.10 (very precise) /Black=0.08 (flawless)}
1/2-1/2

[Event "44th Chess Olympiad Women 2022"]
[Site "Chennai"]
[Date "2022.08.03"]
[Round "6.1"]
[White "Koneru, Humpy"]
[Black "Dzagnidze, Nana"]
[Result "1-0"]
[WhiteElo "2586"]
[BlackElo "2531"]
[Annotator "TA"]
[PlyCount "83"]
[EventDate "2022.??.??"]
[TimeControl "60"]

1. d4 Nf6 2. c4 e6 3. Nc3 c5 4. d5 exd5 5. cxd5 g6 6. Nf3 d6 7. Bf4 a6 8. a4 Bg7 9. h3 O-O 10. e3 Ne8 {[%emt 0:00:
00] A61: Modern Benoni: Nf3 without early e4.} 11. Be2 Nd7 12. O-O b6 {[%emt 0:06:27] White is slightly
better. 12...Ne5 is setting a new trend.} 13. Nd2 Ne5 14. Qb3 $5 {[%emt 0:05:45] Exploring less charted territory.}
Rb8 {[%emt 0:12:21] [#]} 15. Rad1 $146 ({Predecessor:} 15.
Rfd1 Nc7 16. Nce4 b5 17. Bxe5 Bxe5 18. Nc4 Bf5 19. Nxe5 Bxe4 20. Nc6 Qg5 21. f3
Bxd5 22. Rxd5 Nxd5 23. Qxd5 Qxe3+ {0-1 (36) Keskin,E (1719) -Celik,E (1864)
Ankara 2018}) 15... b5 16. Bh2 f5 17. axb5 axb5 18. Qc2 ({Don't go for} 18. Nxb5 $2 Bd7 19. Rc1 Nc7 20. Nxd6 (20. Bxe5 $2 Bxe5 21.
Qd1 Nxb5 $19) 20... Rxb3 21. Nxb3 Nxd5 $19) (18. Bxb5 $2 Nc7 19. Nc4 Nxc4 20.
Qxc4 Bxc3 21. bxc3 Rxb5 $19) 18... Nc7 19. b4 c4 20. Nf3 Nf7 (20... Nxf3+
$15 21. Bxf3 Bb7) 21. Nd4 $11 {[%emt 0:00:43] With the idea Nc6.} Bd7 22. Nc6 Bxc6 23. dxc6 Be5 {[%emt 0:05:07] [#]} (23... Qf6 $11 {keeps the balance.} 24.
Nd5 Nxd5 25. Rxd5 Rfc8) 24. Bxe5 $1 $16 {[%emt 0:04:05] White is much more
active. Black is now going downhill.} Nxe5 {[%emt 0:00:01] [#]} 25. f4 $1 Nf7 (25... Nxc6 $16 {is a better defense.} 26.
Nxb5 d5 27. Bxc4 Nxb4) 26. Bf3 $18 Qe7 27.
Rfe1 Rfe8 28. Qd2 Rbd8 $2 (28... Qf6 29. e4 d5) 29. e4 fxe4 30. Rxe4 {[%emt 0:02:28] White is clearly winning.} Qh4 31. Nd5 Rxe4 32. Bxe4 Nxd5 33. Bxd5 Qf6 34. Qe3 Rf8 (34... Ra8 $142 35. Qb6 c3) 35. Qe6 Qd8 36. Re1 (36. f5 $142 Kg7
37. f6+ Qxf6 38. c7 Qxe6 39. Bxe6) 36... Kg7 37. Qe7 Qb6+ (37... Qxe7 $142 38. Rxe7 c3) 38. Qe3 Qxe3+ 39. Rxe3 {[%emt 0:00:02] Threatens to win with
c7.} Kf6 40. Re6+ Kf5 41. c7 c3 42. Re3 {[%emt 0:00:00] Weighted Error
Value: White=0.22 (precise) /Black=0.35} 1-0